[Event "SWE-ch Juniors 2018"]
[Site "Ronneby"]
[Date "2018.06.30"]
[Round "1"]
[White "Storme, Isak"]
[Black "Emmoth, Alfons"]
[Result "1-0"]
[ECO "C06"]
[WhiteElo "2277"]
[BlackElo "2176"]
[Annotator "NA"]
[PlyCount "73"]
[EventDate "2018.06.30"]
[EventType "tourn"]
[EventCountry "SWE"]
[SourceTitle "playchess.com"]
[Source "ChessBase"]
[SourceQuality "1"]
[TimeControl "40/5400+30:1800+30"]

1. e4 e6 2. d4 d5 3. Nd2 Nf6 4. e5 Nfd7 5. Bd3 c5 6. c3 Nc6 7. Ne2 cxd4 8. cxd4 f6 9. exf6 Nxf6 10. Nf3 Bd6 11. O-O Qc7 12. h3 O-O 13. Be3 Bd7 14. Re1 Rac8 15. Rc1 a6 16. Qd2 Qb8 17. a3 b5 18. Kh1 Rce8 19. Ng3 Rc8 20. Bg5 Bxg3 21. fxg3 Nh5 22. g4 Nf4 23. Bb1 Nxh3 24. Bxh7+ Kxh7 25. Qd3+ Kg8 26. gxh3 Qg3 27. Ne5 Qxd3 28. Nxd3 Nxd4 29. Ne5 Rxc1 30. Rxc1 Be8 31. Be7 Rf2 32. Rc8 Re2 33. Rxe8+ Kh7 34. Bd6 Rxb2 35. g5 a5 36. g6+ Kh6 37. h4 1-0

[Event "SWE-ch Juniors 2018"]
[Site "Ronneby"]
[Date "2018.06.30"]
[Round "1"]
[White "Crevatin, Leo"]
[Black "Kucuksari, Kaan"]
[Result "0-1"]
[ECO "D70"]
[WhiteElo "2224"]
[BlackElo "2296"]
[Annotator "NA"]
[PlyCount "84"]
[EventDate "2018.06.30"]
[EventType "tourn"]
[EventCountry "SWE"]
[SourceTitle "playchess.com"]
[Source "ChessBase"]
[SourceQuality "1"]
[TimeControl "40/5400+30:1800+30"]

1. d4 d5 2. c4 c6 3. Nf3 Nf6 4. Nbd2 e6 5. g3 c5 6. cxd5 exd5 7. Bg2 Nc6 8. O-O Be7 9. dxc5 Bxc5 10. Nb3 Bb6 11. Nfd4 O-O 12. Bf4 Bg4 13. h3 Bh5 14. g4 Bg6 15. Rc1 Rc8 16. Nb5 Ne4 17. e3 Qd7 18. f3 Nb4 19. fxe4 Qxb5 20. Rxc8 Rxc8 21. exd5 Bd3 22. Rf2 Bc4 23. Nd4 Bxd4 24. Qxd4 Bxd5 25. Bxd5 Nxd5 26. a4 Qa5 27. Kg2 Nf6 28. Rd2 Re8 29. b4 Qxa4 30. Be5 Qc6+ 31. Kh2 Ne4 32. b5 Nxd2 33. bxc6 Nf3+ 34. Kg2 Nxd4 35. Bxd4 bxc6 36. Bxa7 f6 37. Kf3 Kf7 38. h4 Ke6 39. e4 Ra8 40. Bd4 Ra3+ 41. Kf4 Ra4 42. Be3 g6 {[%emt 0:00:31] Ke5+ Kxe5} 0-1

[Event "SWE-ch Juniors 2018"]
[Site "Ronneby"]
[Date "2018.06.30"]
[Round "1"]
[White "Carlsson, Ludvig"]
[Black "Pantzar, Milton"]
[Result "0-1"]
[ECO "C60"]
[WhiteElo "2179"]
[BlackElo "2333"]
[Annotator "NA"]
[PlyCount "34"]
[EventDate "2018.06.30"]
[EventType "tourn"]
[EventCountry "SWE"]
[SourceTitle "playchess.com"]
[Source "ChessBase"]
[SourceQuality "1"]
[TimeControl "40/5400+30:1800+30"]

1. e4 e5 2. Nf3 Nc6 3. Bb5 g6 4. Nc3 Bg7 5. d4 Nxd4 6. Bc4 Ne7 7. Ng5 O-O 8. h4 c6 9. h5 d5 10. Bd3 h6 11. exd5 cxd5 12. hxg6 fxg6 13. Nh7 Kxh7 14. Bxh6 Bxh6 15. Qh5 Nef5 16. Qh2 e4 17. Ne2 Qg5 0-1

[Event "SWE-ch Juniors 2018"]
[Site "Ronneby"]
[Date "2018.06.30"]
[Round "1"]
[White "Sundin, Emanuel"]
[Black "Berglind, Axel"]
[Result "1/2-1/2"]
[ECO "B22"]
[WhiteElo "2167"]
[BlackElo "2096"]
[Annotator "NA"]
[PlyCount "150"]
[EventDate "2018.06.30"]
[EventType "tourn"]
[EventCountry "SWE"]
[SourceTitle "playchess.com"]
[Source "ChessBase"]
[SourceQuality "1"]
[TimeControl "40/5400+30:1800+30"]

1. e4 c5 2. c3 g6 3. d4 cxd4 4. cxd4 Bg7 5. Nc3 d6 6. Nf3 Nf6 7. Be2 O-O 8. O-O Nc6 9. h3 a6 10. Be3 e5 11. Rc1 exd4 12. Nxd4 Re8 13. Nxc6 bxc6 14. Bf3 Rb8 15. b3 Qe7 16. Bf4 Rd8 17. Re1 Be6 18. Na4 c5 19. Nc3 Ne8 20. Qd3 Nc7 21. Rcd1 Be5 22. Nd5 Bxd5 23. exd5 f6 24. Bxe5 fxe5 25. Re4 Rf8 26. Bg4 h5 27. Be6+ Kg7 28. Ra4 Rb6 29. f4 Nxe6 30. dxe6 Qxe6 31. fxe5 Qxe5 32. Rxa6 Rxa6 33. Qxa6 Rf6 34. Qb7+ Kh6 35. a4 Qe3+ 36. Kh1 Qe2 37. Qd5 Rf2 38. Qxd6 Qe4 39. Qg3 Rb2 40. Rf1 h4 41. Qf3 Qxf3 42. Rxf3 Rb1+ 43. Kh2 Kg7 44. Rc3 Kh6 45. g3 Rb2+ 46. Kg1 hxg3 47. Rxg3 Rc2 48. Kf1 Kh5 49. Ke1 Kh4 50. Rxg6 Rb2 51. Rb6 c4 52. Rb4 Kxh3 53. Rxc4 Rxb3 54. Kd2 Rb8 55. Kc3 Kg3 56. Rb4 Ra8 57. Rd4 Kf3 58. Kb4 Ke3 59. Rd7 Rb8+ 60. Kc5 Ra8 61. Kb5 Rb8+ 62. Ka6 Ke4 63. Ka7 Rb1 64. a5 Ke5 65. a6 Ke6 66. Rb7 Ra1 67. Kb6 Kd6 68. a7 Rb1+ 69. Ka5 Ra1+ 70. Kb5 Rb1+ 71. Kc4 Ra1 72. Rb6+ Kc7 73. Rh6 Rxa7 74. Rh7+ Kb8 75. Rxa7 Kxa7 1/2-1/2

[Event "SWE-ch Juniors 2018"]
[Site "Ronneby"]
[Date "2018.06.30"]
[Round "1"]
[White "Sorensen, Hampus"]
[Black "Forsberg, Andre"]
[Result "1-0"]
[ECO "E12"]
[WhiteElo "2154"]
[BlackElo "2048"]
[Annotator "NA"]
[PlyCount "61"]
[EventDate "2018.06.30"]
[EventType "tourn"]
[EventCountry "SWE"]
[SourceTitle "playchess.com"]
[Source "ChessBase"]
[SourceQuality "1"]
[TimeControl "40/5400+30:1800+30"]

1. d4 Nf6 2. c4 e6 3. Nf3 b6 4. a3 Ba6 5. Qc2 Bb7 6. Nc3 c5 7. e4 cxd4 8. Nxd4 Bc5 9. Nf3 Ng4 10. Bg5 Bxf2+ 11. Qxf2 Nxf2 12. Bxd8 Nxh1 13. Bg5 Ng3 14. hxg3 f6 15. Bf4 e5 16. Be3 Nc6 17. Rd1 O-O-O 18. Nb5 Rhf8 19. Nd6+ Kc7 20. Nxb7 Kxb7 21. g4 Kc7 22. Nd2 Rde8 23. Nb1 g6 24. Nc3 a6 25. Nd5+ Kb7 26. Nxb6 Nd4 27. Nxd7 Nc2+ 28. Ke2 Nxe3 29. Kxe3 Rf7 30. Nc5+ Kb6 31. Rd6+ 1-0

[Event "SWE-ch Juniors 2018"]
[Site "Ronneby"]
[Date "2018.07.01"]
[Round "2"]
[White "Pantzar, Milton"]
[Black "Forsberg, Andre"]
[Result "1/2-1/2"]
[ECO "E20"]
[WhiteElo "2333"]
[BlackElo "2048"]
[Annotator "NA"]
[PlyCount "38"]
[EventDate "2018.06.30"]
[EventType "tourn"]
[EventCountry "SWE"]
[SourceTitle "playchess.com"]
[Source "ChessBase"]
[SourceQuality "1"]
[TimeControl "40/5400+30:1800+30"]

1. d4 Nf6 2. c4 e6 3. Nc3 Bb4 4. Bf4 O-O 5. e3 b6 6. Nge2 Re8 7. a3 Bf8 8. e4 d5 9. e5 $1 Nfd7 10. cxd5 exd5 11. Nxd5 c5 {[%emt 0:00:15] [#]} (11... Bb7 $11 12. Nec3 c5) 12. e6 $1 fxe6 13. Nc7 e5 (13... Bb7 $16 14. Nxe8 (14. Nxa8 Bxa8 15. dxc5 Nxc5 $18) 14... Qxe8 15. dxc5 Bxc5) 14. Nxe8 ({Not} 14. Nxa8 exf4 15. Qb3+ Kh8 $17) 14... exf4 15. Qb3+ Kh8 16. Qf7 $2 (16. Qd5 $18) 16... Nc6 17. Nxf4 {[%emt 0:02:39] [#]} (17. O-O-O $11 Ba6 18. dxc5 (18. Nxf4 Bxf1 19. Rhxf1 Qxe8 $15)) 17... Bb7 $17 18. Nc7 Qxc7 19. Bc4 Ne7 1/2-1/2

[Event "SWE-ch Juniors 2018"]
[Site "Ronneby"]
[Date "2018.07.01"]
[Round "2"]
[White "Kucuksari, Kaan"]
[Black "Storme, Isak"]
[Result "1/2-1/2"]
[ECO "E06"]
[WhiteElo "2296"]
[BlackElo "2277"]
[Annotator "NA"]
[PlyCount "124"]
[EventDate "2018.06.30"]
[EventType "tourn"]
[EventCountry "SWE"]
[SourceTitle "playchess.com"]
[Source "ChessBase"]
[SourceQuality "1"]
[TimeControl "40/5400+30:1800+30"]

1. d4 Nf6 2. Nf3 e6 3. c4 d5 4. g3 Be7 5. Bg2 O-O 6. Nbd2 c5 7. cxd5 exd5 8. dxc5 Bxc5 9. Nb3 Bb6 10. O-O Nc6 {[%emt 0:01:53] LiveBook: 70 Games} 11. Nbd4 Ne4 {[%emt 0:11:28] D30: Queen's Gambit Declined: Systems without Nc3} (11... Re8 12. b3 Bg4 13. Bb2 Ne4 14. Rc1 Rc8 15. Rc2 Qd6 16. a3 h5 17. b4 h4 18. Nxc6 Rxc6 19. Nd4 Rxc2 20. Qxc2 hxg3 21. hxg3 Nxg3 22. fxg3 Rxe2 {½-½ (29) Rakhmanov,A (2670)-Shimanov,A (2623) Sochi 2017}) 12. Be3 Bg4 (12... Qf6 $142) 13. Rc1 Rc8 14. Nxc6 $1 $146 ({Predecessor:} 14. Qa4 Qf6 15. Rfd1 Bxf3 16. exf3 Nxd4 17. Rxc8 Nxf3+ 18. Bxf3 Rxc8 19. Bxe4 dxe4 20. Qxe4 Qxb2 21. Qxb7 {½-½ (35) Glavina,P (2420)-Castaner Harster,X St Cugat 1993}) 14... Rxc6 15. Rxc6 bxc6 16. Ne5 Bxe3 17. Nxg4 Bb6 18. Bxe4 dxe4 19. Ne5 Bxf2+ $1 20. Kg2 e3 21. Qxd8 Rxd8 22. Rb1 Rd6 23. Nd3 Rf6 24. Rc1 h5 25. Rc5 h4 26. g4 Rd6 27. Rc4 h3+ 28. Kf3 Bg1 29. Kg3 Bf2+ 30. Nxf2 exf2 31. Kxf2 Rd2 32. Rxc6 Rxb2 33. Ra6 Rb7 34. Kg3 Re7 35. Kf2 Re4 36. Kf3 Re7 37. Kf2 Re4 38. Kf3 Re7 39. Ra3 Kh7 40. e3 Kg6 41. Kg3 f5 42. Kxh3 Kg5 43. gxf5 Kxf5 44. Kg3 Ke4 $16 (44... g5 $14) 45. Kf2 g5 46. Ra4+ Kf5 47. Kf3 Rh7 48. Ra5+ Kf6 49. Ra6+ Ke5 50. Ra5+ Kf6 51. a4 Rxh2 52. Rxa7 Ra2 53. Ke4 g4 54. Kf4 Ra3 55. a5 g3 56. Kxg3 Rxe3+ 57. Kf4 Ra3 58. Ke4 Ke6 59. Kd4 Kd6 60. Kc4 Kc6 61. Kb4 Ra1 62. Ra6+ Kb7 1/2-1/2

[Event "SWE-ch Juniors 2018"]
[Site "Ronneby"]
[Date "2018.07.01"]
[Round "2"]
[White "Carlsson, Ludvig"]
[Black "Sundin, Emanuel"]
[Result "0-1"]
[ECO "A52"]
[WhiteElo "2179"]
[BlackElo "2167"]
[Annotator "NA"]
[PlyCount "92"]
[EventDate "2018.06.30"]
[EventType "tourn"]
[EventCountry "SWE"]
[SourceTitle "playchess.com"]
[Source "ChessBase"]
[SourceQuality "1"]
[TimeControl "40/5400+30:1800+30"]

1. d4 Nf6 2. c4 e5 3. dxe5 Ng4 4. Bf4 Nc6 5. Nf3 Bb4+ 6. Nbd2 Qe7 7. a3 Ngxe5 8. Nxe5 Nxe5 9. e3 Bc5 {[%emt 0:01:44] A52: Budapest Gambit} (9... Bxd2+ 10. Qxd2 O-O 11. c5 Rd8 12. Qd5 d6 13. cxd6 cxd6 14. Be2 Be6 15. Qd2 Bc4 16. Bxc4 Nxc4 17. Qd4 d5 18. O-O Na5 {½-½ (30) Tari,A (2595)-Maghsoodloo,P (2584) Kocaeli 2017}) 10. b4 Bd4 11. Rb1 d6 12. Be2 Bf5 13. Rb3 Ng6 14. Bxd6 $146 ({Predecessor:} 14. Bg3 Bf6 15. O-O {0-1 (37) Moreno,C (1879)-Restuccia,F (2079) Buenos Aires 2015}) 14... cxd6 15. exd4 Nf4 16. g3 {[%emt 0:01:29] [#]} Bc2 $1 17. gxf4 Bxd1 18. Re3 {[%emt 0:00:10] [#]} Bxe2 $1 19. Kxe2 Kd7 20. Rxe7+ Kxe7 21. Kd3 Rhe8 22. Nf1 Kd7 23. Ne3 Re6 24. Rg1 Rg6 25. Rg3 a6 26. f5 ({White should play} 26. Rh3 $15) 26... Rxg3 27. hxg3 h5 28. c5 {[%emt 0:01:45] [#]} h4 $1 29. gxh4 Rh8 30. Ng2 Kc6 31. a4 dxc5 32. dxc5 {[%emt 0:02:13] [#]} (32. bxc5 {was the only chance.} b6 33. cxb6) 32... a5 $19 33. bxa5 Kxc5 34. Ke4 Re8+ 35. Kf4 Kb4 36. Kg5 Kxa5 37. h5 Kxa4 38. f4 b5 39. f6 gxf6+ 40. Kxf6 Rh8 41. Kxf7 Rxh5 42. Kg6 Rh3 43. Ne1 b4 44. f5 b3 45. Kg5 b2 46. Kg4 Rh1 0-1

[Event "SWE-ch Juniors 2018"]
[Site "Ronneby"]
[Date "2018.07.01"]
[Round "2"]
[White "Emmoth, Alfons"]
[Black "Sorensen, Hampus"]
[Result "1/2-1/2"]
[ECO "D45"]
[WhiteElo "2176"]
[BlackElo "2154"]
[Annotator "ChessBase"]
[PlyCount "36"]
[EventDate "2018.06.30"]
[EventType "tourn"]
[EventCountry "SWE"]
[SourceTitle "playchess.com"]
[Source "ChessBase"]
[SourceQuality "1"]
[TimeControl "40/5400+30:1800+30"]

1. d4 d5 2. c4 c6 3. e3 Nf6 4. Nc3 e6 5. Nf3 a6 6. Qc2 c5 7. cxd5 exd5 8. Be2 Nc6 9. a3 cxd4 10. Nxd4 Nxd4 11. exd4 Be7 12. O-O O-O 13. Bf3 Be6 14. Qb3 Qd7 15. Bf4 b5 16. Rac1 Rac8 17. Rfd1 Rc6 18. Ne2 Rfc8 1/2-1/2

[Event "SWE-ch Juniors 2018"]
[Site "Ronneby"]
[Date "2018.07.01"]
[Round "2"]
[White "Berglind, Axel"]
[Black "Crevatin, Leo"]
[Result "0-1"]
[ECO "D45"]
[WhiteElo "2096"]
[BlackElo "2224"]
[Annotator "NA"]
[PlyCount "94"]
[EventDate "2018.06.30"]
[EventType "tourn"]
[EventCountry "SWE"]
[SourceTitle "playchess.com"]
[Source "ChessBase"]
[SourceQuality "1"]
[TimeControl "40/5400+30:1800+30"]

1. d4 {[%emt 0:00:00] Sasikiran,K} d5 2. Nf3 Nf6 3. c4 c6 4. Nc3 e6 5. e3 Nbd7 6. Qc2 Bd6 7. Bd3 dxc4 8. Bxc4 O-O 9. O-O b5 10. Be2 Bb7 11. Rd1 Qc7 12. a3 {[%emt 0:03:23] LiveBook: 18 Games D46: Semi-Slav: 5 e3 Nbd7 6 Bd3, Black avoids the Meran} a5 13. e4 e5 {[%emt 0:02:22] [#]} 14. Be3 $146 ({Predecessor:} 14. dxe5 Nxe5 15. Nd4 Neg4 16. Bxg4 Bxh2+ 17. Kf1 Nxg4 18. g3 f5 19. Bf4 {1-0 (38) Sasikiran,K (2669)-Robson,R (2656) Khanty-Mansiysk 2017 CBM 179 [Sasikiran,K]}) 14... Ng4 15. Rac1 Nxe3 16. fxe3 Rac8 (16... Qb8 $11 {keeps the balance.}) 17. Qb3 $2 (17. Qd2 $16) 17... Qb8 18. a4 {[%emt 0:06:17] [#]} b4 (18... exd4 $142 $1 19. exd4 Bf4) 19. Nb1 exd4 20. exd4 Bf4 21. Rc2 Nf6 $2 (21... c5 $19 22. d5 {[#]} c4 $1 23. Rxc4 Nc5 24. Rxc5 Rxc5) 22. g3 $1 Bc7 23. Nbd2 (23. e5 $5 Nd5 24. Nbd2 $11) 23... Rcd8 24. e5 Nd5 25. Ne4 Qa7 26. Qd3 $11 Rfe8 27. Nc5 Bc8 28. Ng5 g6 29. Rf1 Re7 30. g4 h6 31. Nge4 Nb6 32. Nf6+ Kg7 33. Qe4 Nxa4 34. Qxc6 Nxc5 35. Rxc5 Bb6 36. Nd5 Re6 37. Nxb6 Rxc6 38. Rxc6 Be6 39. Rd1 Bd7 40. Rd6 Bxg4 41. Bxg4 Rxd6 42. Nc8 Qxd4+ 43. Rxd4 Rxd4 44. Bf3 a4 45. Nb6 a3 46. bxa3 bxa3 47. Bd5 Rxd5 0-1

[Event "SWE-ch Juniors 2018"]
[Site "Ronneby"]
[Date "2018.07.03"]
[Round "4"]
[White "Pantzar, Milton"]
[Black "Emmoth, Alfons"]
[Result "1-0"]
[ECO "E71"]
[WhiteElo "2333"]
[BlackElo "2176"]
[Annotator "NA"]
[PlyCount "49"]
[EventDate "2018.06.30"]
[EventType "tourn"]
[EventCountry "SWE"]
[SourceTitle "playchess.com"]
[Source "ChessBase"]
[SourceQuality "1"]
[TimeControl "40/5400+30:1800+30"]

1. c4 Nf6 2. Nc3 g6 3. d4 Bg7 4. e4 d6 5. h3 O-O 6. Be3 e5 7. d5 c5 8. g4 Ne8 9. Nge2 f5 (9... Na6 $16 {keeps fighting.}) 10. gxf5 gxf5 11. exf5 Bxf5 $18 (11... e4 $16) 12. Ng3 Qd7 13. Nxf5 Qxf5 14. Rg1 Na6 15. Bd3 Qxh3 16. a3 Nac7 17. Qc2 Nf6 18. O-O-O Qd7 19. Rh1 Rf7 20. Bf5 Qe7 21. Rdg1 Kf8 22. Bxh7 Nxh7 23. Rxh7 Bf6 24. Qg6 Ke8 25. Ne4 1-0

[Event "SWE-ch Juniors 2018"]
[Site "Ronneby"]
[Date "2018.07.03"]
[Round "4"]
[White "Kucuksari, Kaan"]
[Black "Forsberg, Andre"]
[Result "1-0"]
[ECO "E81"]
[WhiteElo "2296"]
[BlackElo "2025"]
[Annotator "NA"]
[PlyCount "61"]
[EventDate "2018.06.30"]
[EventType "tourn"]
[EventCountry "SWE"]
[SourceTitle "playchess.com"]
[Source "ChessBase"]
[SourceQuality "1"]
[TimeControl "40/5400+30:1800+30"]

1. d4 Nf6 2. Nf3 e6 3. Nbd2 c5 4. e3 d5 5. c3 Nc6 6. Bd3 Be7 7. O-O O-O 8. dxc5 Bxc5 9. e4 h6 10. e5 Ng4 11. Nb3 Bb6 12. Bf4 Bc7 13. h3 Ngxe5 14. Nxe5 Bxe5 $15 15. Bxe5 Nxe5 16. Bc2 b6 17. Nd4 Ba6 18. Re1 Qc7 19. Qh5 Nd7 20. Re3 Qf4 21. Rae1 Nf6 22. Qd1 Rac8 23. Bb1 Rfd8 24. Qa4 Bb7 25. Qxa7 Qc7 26. Qa4 Ne4 27. Qd1 e5 28. Nf5 d4 29. cxd4 exd4 30. Nxd4 Qc4 31. Bxe4 1-0

[Event "SWE-ch Juniors 2018"]
[Site "Ronneby"]
[Date "2018.07.03"]
[Round "4"]
[White "Carlsson, Ludvig"]
[Black "Storme, Isak"]
[Result "0-1"]
[ECO "C58"]
[WhiteElo "2169"]
[BlackElo "2277"]
[Annotator "NA"]
[PlyCount "66"]
[EventDate "2018.06.30"]
[EventType "tourn"]
[EventCountry "SWE"]
[SourceTitle "playchess.com"]
[Source "ChessBase"]
[SourceQuality "1"]
[TimeControl "40/5400+30:1800+30"]

1. e4 e5 2. Nf3 Nc6 3. Bc4 Nf6 4. Ng5 d5 5. exd5 Na5 6. Bb5+ c6 7. dxc6 bxc6 8. Qf3 Be7 9. O-O Bg4 10. Bxc6+ Kf8 $11 11. Bxa8 Bxf3 12. Bxf3 Nd7 13. Ne4 f5 14. Nec3 e4 15. Be2 Nc6 16. Bd1 Nde5 17. b3 Nd4 18. d3 exd3 19. cxd3 Nxd3 20. Nd2 Bb4 21. Ne2 Nxe2+ 22. Bxe2 Qd4 23. Bxd3 Qxa1 24. Ba3 Qd4 25. Nf3 Qd6 26. Bxb4 Qxb4 27. Rc1 g6 28. Rc7 Qd6 29. Ng5 h6 30. Rc8+ Kg7 31. Rc7+ Kf6 32. Rf7+ Kxg5 33. h4+ Kf4 0-1

[Event "SWE-ch Juniors 2018"]
[Site "Ronneby"]
[Date "2018.07.03"]
[Round "4"]
[White "Sundin, Emanuel"]
[Black "Crevatin, Leo"]
[Result "1-0"]
[ECO "B18"]
[WhiteElo "2152"]
[BlackElo "2224"]
[Annotator "NA"]
[PlyCount "103"]
[EventDate "2018.06.30"]
[EventType "tourn"]
[EventCountry "SWE"]
[SourceTitle "playchess.com"]
[Source "ChessBase"]
[SourceQuality "1"]
[TimeControl "40/5400+30:1800+30"]

1. e4 c6 2. d4 d5 3. Nd2 dxe4 4. Nxe4 Bf5 5. Ng3 Bg6 6. Nh3 e6 7. Nf4 Bd6 8. h4 Qc7 9. Nxg6 hxg6 10. Ne4 Bf4 11. Bxf4 Qxf4 12. Ng5 Nd7 13. g3 Qd6 14. Bg2 Nh6 15. Qd2 O-O-O 16. O-O-O f6 17. Ne4 Qe7 18. Rhe1 Rhe8 19. Re3 Nf5 20. Ra3 a6 21. Qc3 Nb6 22. Nc5 e5 23. d5 Nd4 24. Qb4 Nxd5 25. Qa5 Nb5 26. Bxd5 Rxd5 27. Rxd5 cxd5 28. Rd3 d4 29. Na4 Kb8 30. Qb6 Rc8 31. Kb1 Qb4 32. b3 Nc3+ 33. Rxc3 Qxb6 34. Rxc8+ Kxc8 35. Nxb6+ Kc7 36. Nc4 b5 37. Nd2 Kd6 38. c4 dxc3 39. Ne4+ Kd5 40. Nxc3+ Kd4 41. Kc2 b4 42. Na4 Ke4 43. Kd2 Kf3 44. Ke1 e4 45. Nc5 e3 46. fxe3 Kxg3 47. Nxa6 Kxh4 48. Nxb4 Kh3 49. a4 g5 50. a5 g4 51. Nd3 g3 52. Kf1 1-0

[Event "SWE-ch Juniors 2018"]
[Site "Ronneby"]
[Date "2018.07.03"]
[Round "4"]
[White "Berglind, Axel"]
[Black "Sorensen, Hampus"]
[Result "1/2-1/2"]
[ECO "D11"]
[WhiteElo "2096"]
[BlackElo "2204"]
[Annotator "NA"]
[PlyCount "46"]
[EventDate "2018.06.30"]
[EventType "tourn"]
[EventCountry "SWE"]
[SourceTitle "playchess.com"]
[Source "ChessBase"]
[SourceQuality "1"]
[TimeControl "40/5400+30:1800+30"]

1. d4 d5 2. Nf3 Nf6 3. g3 c6 4. Bg2 Bf5 5. c4 e6 6. Qb3 Qb6 7. c5 Qxb3 8. axb3 Nbd7 9. Nc3 a6 10. b4 Rd8 11. Nd2 Bc2 12. e4 Nxe4 13. Ncxe4 Bxe4 14. Bxe4 dxe4 15. Nxe4 Nf6 16. Nxf6+ gxf6 17. Be3 f5 18. O-O-O Bg7 19. Rhg1 h5 20. h3 Bh6 21. Bf4 Ke7 22. Kc2 Bxf4 23. gxf4 Rdg8 1/2-1/2

[Event "SWE-ch Juniors 2018"]
[Site "Ronneby"]
[Date "2018.07.04"]
[Round "5"]
[White "Storme, Isak"]
[Black "Sundin, Emanuel"]
[Result "1-0"]
[ECO "E90"]
[WhiteElo "2277"]
[BlackElo "2152"]
[Annotator "NA"]
[PlyCount "49"]
[EventDate "2018.06.30"]
[EventType "tourn"]
[EventCountry "SWE"]
[SourceTitle "playchess.com"]
[Source "ChessBase"]
[SourceQuality "1"]
[TimeControl "40/5400+30:1800+30"]

1. d4 Nf6 2. c4 g6 3. Nc3 Bg7 4. e4 d6 5. Nf3 O-O 6. h3 e5 7. d5 Na6 8. Bg5 Qe8 9. g4 Nc5 10. Nd2 a5 11. Qf3 Nfd7 12. h4 Nb6 13. Be2 Nba4 14. Nb5 Na6 15. Qa3 N4c5 16. Qxa5 Bxg4 17. Bxg4 Nb4 18. Qxc7 Nc2+ 19. Ke2 Nxa1 20. Rxa1 f5 21. Nxd6 Qa4 22. exf5 Na6 23. Qe7 Rae8 24. Nxe8 Rxe8 25. Qxb7 1-0

[Event "SWE-ch Juniors 2018"]
[Site "Ronneby"]
[Date "2018.07.04"]
[Round "5"]
[White "Crevatin, Leo"]
[Black "Pantzar, Milton"]
[Result "1-0"]
[ECO "A04"]
[WhiteElo "2224"]
[BlackElo "2333"]
[Annotator "NA"]
[PlyCount "53"]
[EventDate "2018.06.30"]
[EventType "tourn"]
[EventCountry "SWE"]
[SourceTitle "playchess.com"]
[Source "ChessBase"]
[SourceQuality "1"]
[TimeControl "40/5400+30:1800+30"]

1. Nf3 b6 2. e4 Bb7 3. Nc3 e6 4. d4 Bb4 5. Bd3 Nf6 6. Qe2 d5 7. exd5 Qxd5 8. Bd2 Bxc3 9. Bxc3 O-O 10. a3 Nbd7 11. O-O-O Qa2 12. Bc4 Qa1+ 13. Kd2 Ne4+ 14. Kd3 b5 15. Rxa1 bxc4+ 16. Ke3 Ndf6 17. Qe1 Nd5+ 18. Ke2 Nf4+ 19. Kf1 Nxg2 20. Kxg2 Ng5 21. Qe3 Bxf3+ 22. Qxf3 Nxf3 23. Kxf3 Rab8 24. Rhe1 Rb5 25. Re5 Rfb8 26. Rae1 a6 27. a4 1-0

[Event "SWE-ch Juniors 2018"]
[Site "Ronneby"]
[Date "2018.07.04"]
[Round "5"]
[White "Sorensen, Hampus"]
[Black "Carlsson, Ludvig"]
[Result "1-0"]
[ECO "A51"]
[WhiteElo "2204"]
[BlackElo "2169"]
[Annotator "NA"]
[PlyCount "41"]
[EventDate "2018.06.30"]
[EventType "tourn"]
[EventCountry "SWE"]
[SourceTitle "playchess.com"]
[Source "ChessBase"]
[SourceQuality "1"]
[TimeControl "40/5400+30:1800+30"]

1. d4 Nf6 2. c4 e5 3. dxe5 Ne4 4. a3 b6 5. Nf3 Bb7 6. Nbd2 Nc5 7. g3 d6 8. exd6 Bxd6 9. Bg2 Qf6 10. O-O Nbd7 11. Ra2 h5 12. b4 Ne6 13. Qc2 O-O-O 14. Ne4 Qe7 15. Nxd6+ cxd6 16. h4 Rdg8 17. Rd1 f6 18. Nd4 Bxg2 19. Nf5 Qf8 20. Kxg2 g5 21. Qe4 1-0

[Event "SWE-ch Juniors 2018"]
[Site "Ronneby"]
[Date "2018.07.04"]
[Round "5"]
[White "Emmoth, Alfons"]
[Black "Kucuksari, Kaan"]
[Result "1/2-1/2"]
[ECO "E18"]
[WhiteElo "2176"]
[BlackElo "2296"]
[Annotator "NA"]
[PlyCount "115"]
[EventDate "2018.06.30"]
[EventType "tourn"]
[EventCountry "SWE"]
[SourceTitle "playchess.com"]
[Source "ChessBase"]
[SourceQuality "1"]
[TimeControl "40/5400+30:1800+30"]

1. d4 Nf6 2. c4 e6 3. Nf3 b6 4. g3 Bb7 5. Bg2 Be7 6. O-O O-O 7. Nc3 Ne4 8. Nxe4 Bxe4 9. Ne1 Bxg2 10. Nxg2 d5 11. Qa4 Qd7 12. Qxd7 Nxd7 13. cxd5 exd5 14. Nf4 c6 15. Be3 Rac8 16. Rac1 Rfe8 17. Rc2 Bd6 18. Rfc1 Bxf4 19. Bxf4 Re6 20. b4 b5 21. a4 a6 22. axb5 axb5 23. Ra1 Nb6 24. Ra7 Rce8 25. Rb7 Nc4 26. Ra2 h6 27. Raa7 Rf6 28. Re7 Rxe7 29. Rxe7 Re6 30. Rc7 g5 31. Rc8+ Kh7 32. Bb8 Nb6 33. Rc7 Kg7 34. e3 g4 35. Ba7 Nc4 36. Rc8 Nb2 37. Bc5 Nd1 38. Ra8 Rf6 39. Bf8+ Kh7 40. Ra2 Nc3 41. Ra3 Ne4 42. Ra2 Rf5 43. Kg2 Kg6 44. Rc2 f6 45. Ra2 Ng5 46. Rc2 Nh3 47. Bd6 Rf3 48. Bf4 h5 49. Ra2 Kf5 50. Rc2 Ke4 51. Rd2 f5 52. Bh6 Nxf2 53. Rxf2 Rxf2+ 54. Kxf2 Kd3 55. Bf4 Kc3 56. Bd6 Kd2 57. Bf4 Kc3 58. Bd6 1/2-1/2

[Event "SWE-ch Juniors 2018"]
[Site "Ronneby"]
[Date "2018.07.04"]
[Round "5"]
[White "Forsberg, Andre"]
[Black "Berglind, Axel"]
[Result "0-1"]
[ECO "B54"]
[WhiteElo "2025"]
[BlackElo "2096"]
[Annotator "NA"]
[PlyCount "106"]
[EventDate "2018.06.30"]
[EventType "tourn"]
[EventCountry "SWE"]
[SourceTitle "playchess.com"]
[Source "ChessBase"]
[SourceQuality "1"]
[TimeControl "40/5400+30:1800+30"]

1. e4 c5 2. Nf3 d6 3. d4 cxd4 4. Nxd4 Nf6 5. f3 Nc6 6. c4 g6 7. Nc3 Bg7 8. Be3 O-O 9. Qd2 Bd7 10. Be2 Nxd4 11. Bxd4 Bc6 12. O-O Nd7 13. Bxg7 Kxg7 14. Nd5 Bxd5 15. exd5 Qb6+ 16. Kh1 Rac8 17. Rfe1 Qf2 18. Qc3+ Nf6 19. Bd3 Rc7 20. Re2 Qh4 21. Rae1 Kg8 22. g3 Qh5 23. Kg2 Nxd5 24. Qd4 Nb4 25. Be4 Qc5 26. Qxc5 dxc5 27. a3 Na6 28. Rd2 Nb8 29. Red1 b6 30. Rd8 Rc8 31. Rxc8 Rxc8 32. Bb7 Re8 33. b4 e6 34. f4 Kf8 35. g4 Ke7 36. bxc5 bxc5 37. Rb1 Nd7 38. Bc6 Rb8 39. Re1 Rb2+ 40. Kg1 Rc2 41. Bb5 Nb8 42. Rb1 a6 43. Ba4 Rxc4 44. Rb7+ Kd6 45. Bb3 Rc1+ 46. Kg2 Nc6 47. Ba4 Rc4 48. Bxc6 Kxc6 49. Rxf7 g5 50. Rxh7 Rxf4 51. Rh6 Rxg4+ 52. Kf3 Rf4+ 53. Ke3 Kd5 {[%emt 0:00:16] Ke4+} 0-1